AoeStats
← Wandervogel

Arabia

505273608Analyzed
1v1 RM · 25d ago on Sep 8, 2026· 52m 10s· 2 players
Game mode
Random Map
Map size
Tiny (2 player)
Population
200
Speed
Normal
Resources
Standard
Victory
Conquest
Starting age
Dark Age
Ending age
Imperial Age
RankedLock teamsTeams togetherTeam positionsShared explorationLock speedFull tech treeHidden civsTurbo modeCheats
Victory
Defeat
🇬🇧 Bulgarians · United Kingdom
776
+15
763
-15
juarez.ruiz.jesus.angell
3:05 Loom
11:01 Feudal Age
11:00 Loom
30:26 Castle Age
29:28 Double-Bit Axe
35:16 Bow Saw
37:38 Scale Barding Armor
37:25 Fletching
51:31 Imperial Age
Wandervogel
6:42 Loom
10:53 Feudal Age
13:55 Arson
15:53 Forging
15:56 Bloodlines
20:54 Scale Mail Armor
21:37 Horse Collar
24:07 Wheelbarrow
27:17 Castle Age
26:24 Scale Barding Armor
26:13 Gold Mining
29:07 Husbandry
28:43 Pikeman
32:08 Iron Casting
34:36 Padded Archer Armor
35:07 Hand Cart
41:46 Leather Archer Armor
44:16 Stirrups
44:27 Squires
45:25 Heavy Plow
45:13 Double-Bit Axe
46:57 Chain Barding Armor
51:56 Imperial Age
49:48 Town Watch
50:09 Gambesons
50:52 Chain Mail Armor
Connection lost

Rejoining the realm…

Still unreachable

The connection could not be restored.

Session expired

The server has moved on; the page needs a fresh start.